 Dungeon Crawl Stone Soup version 0.28.0-43-g3370ac3207 (webtiles) character file.

Game seed: 14787742149839728334

4911 jimonade the Magician (level 10, -3/79 HPs)
             Began as a Gnoll Wanderer on Mar 18, 2022.
             Slain by a yak (10 damage)
             ... on level 8 of the Dungeon on Mar 19, 2022.
             The game lasted 01:04:33 (14470 turns).

jimonade the Magician (Gnoll Wanderer)             Turns: 14470, Time: 01:04:33

Health: -3/79      AC:  0    Str: 10    XL:     10   Next: 51%
Magic:  21/21      EV: 23    Int: 17    God:
Gold:   1610       SH:  0    Dex: 17    Spells: 12/23 levels left

rFire   . . .      SeeInvis .     - Unarmed
rCold   . . .      Faith    .   (shield currently unavailable)
rNeg    . . .      Spirit   .   (armour currently unavailable)
rPois   .          Reflect  .   (helmet currently unavailable)
rElec   .          Harm     .   (cloak currently unavailable)
rCorr   .          Rampage  .   (gloves currently unavailable)
Will    .....                   (boots currently unavailable)
Stlth   +++.......              S - amulet of magic regeneration
HPRegen 0.23/turn               (ring currently unavailable)
MPRegen 0.57/turn               (ring currently unavailable)

@: bat-form, flying, studying Long Blades, very quick
A: fast, flying, no casting, tiny, (fangs 1), strong nose, distributed training
a: no special abilities


You were on level 8 of the Dungeon.
You were a bat.
You visited 1 branch of the dungeon, and saw 8 of its levels.

You collected 1610 gold pieces.

Inventory:

Hand Weapons
 c - a +0 short sword of venom
 k - the +3 Elemental Staff {rElec rF++ rC++ AC+5}
   (You acquired it on level 6 of the Dungeon)

   If the wielder is skilled in Evocations, they can discharge powerful blasts
   of elemental energy when striking with it.
   It enhances your fire, ice, earth and air magic.
   AC:        It affects your AC (+5).
   rF:        It greatly protects you from fire.
   rC:        It greatly protects you from cold.
   rElec:     It insulates you from electricity.
 w - a +2 dagger of pain
 C - a +2 dagger of protection
 K - a +3 dagger of speed (melded)
 V - a +2 hunting sling of flaming
 X - a +2 whip of venom
 Y - a +1 whip of venom
Missiles
 g - 157 arrows
 h - 2 boomerangs
 l - 164 stones
 p - 20 poisoned darts
 v - 37 bolts
 H - a curare-tipped dart
 W - 22 sling bullets
Armour
 q - a +2 robe of willpower (melded)
 r - a +0 plate armour
 t - a +0 scale mail
 u - a +1 helmet (melded)
 x - a +0 chain mail
 z - a +0 pair of boots (melded)
 J - a +0 ring mail of willpower
 Q - the +3 buckler of the Harvest (melded) {rN+++ Will- Regen+ rCorr}
   (You acquired it on level 6 of the Dungeon)

   rN:        It renders you almost immune to negative energy.
   Regen:     It increases your rate of health regeneration.
   rCorr:     It protects you from acid and corrosion.
   Will:      It decreases your willpower.
Magical Staves
 F - a staff of cold
Jewellery
 d - an amulet of faith
 e - an amulet of guardian spirit
 B - a ring of protection from cold (melded)
 R - a +6 ring of strength
 S - an amulet of magic regeneration (around neck)
Wands
 i - a wand of charming (6)
 I - a wand of digging (6)
 O - a wand of iceblast (5)
 U - a wand of flame (10)
Scrolls
 a - a scroll of immolation {unknown}
 b - 2 scrolls of amnesia {unknown}
 n - 2 scrolls of enchant armour
 o - 4 scrolls of teleportation
 y - a scroll of fog
 A - a scroll of enchant weapon
 D - a scroll of summoning {unknown}
 E - a scroll of noise {unknown}
 L - a scroll of blinking {unknown}
 M - a scroll of magic mapping {unknown}
 P - a scroll of fear {unknown}
 Z - a scroll of holy word {unknown}
Potions
 f - 5 potions of cancellation
 j - a potion of mutation {unknown}
 m - 2 potions of lignification
 s - 2 potions of degeneration {unknown}
 G - a potion of heal wounds {unknown}
 N - 2 potions of curing {unknown}
 T - a potion of brilliance {unknown}


   Skills:
 + Level 7.1 Fighting
 + Level 5.3 Short Blades
 + Level 5.7 Long Blades
 + Level 5.3 Axes
 + Level 5.3 Maces & Flails
 + Level 5.3 Polearms
 + Level 5.3 Staves
 + Level 5.3 Slings
 + Level 5.3 Bows
 + Level 5.3 Crossbows
 + Level 5.3 Throwing
 + Level 6.0 Armour
 + Level 6.0 Dodging
 + Level 5.9 Stealth
 + Level 5.3 Shields
 + Level 5.3 Unarmed Combat
 + Level 7.4 Spellcasting
 + Level 7.1 Conjurations
 + Level 4.4 Hexes
 + Level 4.4 Summonings
 + Level 4.4 Necromancy
 + Level 4.4 Translocations
 + Level 4.4 Transmutations
 + Level 4.4 Fire Magic
 + Level 4.4 Ice Magic
 + Level 4.4 Air Magic
 + Level 4.4 Earth Magic
 + Level 4.4 Poison Magic
 + Level 5.9 Invocations
 + Level 5.3 Evocations


You had 12 spell levels left.
You knew the following spells:

 Your Spells              Type           Power      Damage    Failure   Level
a - Foxfire               Conj/Fire      100%       2x1d9     1%          1
b - Beastly Appendage     Tmut           42%        N/A       1%          1
c - Blink                 Tloc           42%        N/A       2%          2
d - Dazzling Flash        Conj/Hex       52%        N/A       3%          3
e - Freeze                Ice            84%        1d10      1%          1
f - Frozen Ramparts       Ice            42%        1d6       5%          3

Your spell library contained the following spells:

 Spells                   Type           Power      Damage    Failure   Level
 Animate Skeleton         Necr           42%        N/A       1%          1
 Apportation              Tloc           42%        N/A       1%          1
 Summon Small Mammal      Summ           84%        N/A       1%          1
 Conjure Flame            Conj/Fire      26%        6-21      3%          3
 Ignite Poison            Fire/Tmut/Pois 21%        N/A       5%          3
 Lesser Beckoning         Tloc           21%        N/A       5%          3
 Hailstorm                Conj/Ice       26%        3d7       11%         4
 Iskenderun's Mystic Bla  Conj/Tloc      26%        2d7       11%         4
 Agony                    Necr           21%        N/A       45%         5
 Manifold Assault         Tloc           21%        N/A       45%         5
 Silence                  Hex/Air        10%        N/A       45%         5


Dungeon Overview and Level Annotations

Branches:
Dungeon (8/15)
 Temple: D:4-7         Lair: D:8-11

Altars:

Shops:
D:2 (

Annotations:
D:2 1 runed translucent door, Crazy Yiuf
D:4 3 runed translucent doors, Eustachio; SuperSeabass's ghost, amateur DrIE; WaxSun's ghost, amateur HuWn; pkoi's ghost, amateur OpAE; pkoi's ghost, novice TrTm


Innate Abilities, Weirdness & Mutations

You are a bat.
You are tiny and dextrous.
You move quickly.
You are flying.
Your equipment is almost entirely melded.
You are incapable of wielding weapons or throwing items.
You cannot cast spells.
((You have very sharp teeth.))
Your uncanny sense of smell can sniff out nearby items.
Your experience applies equally to all skills.


Message History

Your +0 pair of boots melds into your body.
The +3 buckler of the Harvest {rN+++ Will- Regen+ rCorr} melds into your body.
Your +2 robe of willpower melds into your body.
Your ring of protection from cold melds into your body.
You feel less strong-willed.
The centaur shoots an arrow.
The arrow hits you! The arrow freezes you! The yak misses you.
Things that are here:
a +0 shortbow; 19 arrows The centaur unwields a +2 shortbow of freezing.
The centaur hits you. The centaur barely misses you.
You can't do that in your present form.
Unknown command.
Unknown command.
The centaur completely misses you. The centaur kicks you.
The centaur closely misses you. The centaur completely misses you.
The yak completely misses you. The centaur completely misses you.
The centaur barely misses you. The yak gores you. The centaur hits you.
The centaur completely misses you. The centaur completely misses you.
The centaur barely misses you. The yak closely misses you.
The centaur completely misses you. The centaur misses you. The yak gores you!
The centaur closely misses you. x2
You hit the centaur.
The centaur is lightly wounded.
The centaur hits you. The centaur misses you. The yak completely misses you.
You hit the centaur but do no damage.
The centaur is lightly wounded.
The sentinel's mark upon you fades away.
The centaur hits you.
* * * LOW HITPOINT WARNING * * *
The centaur kicks you.
* * * LOW HITPOINT WARNING * * *
The yak gores you!
* * * LOW HITPOINT WARNING * * *
Unknown command.
You hit the centaur but do no damage.
The centaur is lightly wounded.
The centaur closely misses you. The centaur misses you.
The centaur closely misses you. x2; The yak gores you!
You die...

## .# #. #./ ####
#.####.#.# #.# #.. #
..g........ ... ... ..
...#.. ...# #.# #.# #.#
<..#.####.###.# #.# ..
...#.#......#.# #.#.####
...#.#.#......####YY....#
#..#.#.#......YcbYYY.##.#
.......#....########## ∆
##..)###[...........
#...#<[...#########
#..))..)..# #.#.####..#
#.#......)# #)#..###..#
#.........# ∆


You could see 5 yaks, a sky beast and a centaur.

Vanquished Creatures
  Joseph (D:8)
  Prince Ribbit (D:5)
  2 slime creatures
  Sigmund (D:2)
  Grum (D:8)
  3 water moccasins
  An ice beast (D:6)
  2 orc warriors
  3 sky beasts
  A necrophage (D:6)
  2 wolves
  2 ogres
  4 centaurs
  4 kobold brigands (D:7)
  Blork the orc (D:5)
  A bullfrog (D:7)
  3 scorpions
  A gnoll sergeant (D:6)
  A water moccasin zombie (D:5)
  2 water moccasin skeletons (D:5)
  4 killer bees
  6 howler monkeys
  A bullfrog zombie (D:5)
  A centaur zombie (D:7)
  3 hounds
  3 orc priests
  5 jellies (D:7)
  4 iguanas
  8 orc wizards
  A hound skeleton (D:4)
  6 adders
  7 gnolls
  A howler monkey skeleton (D:5)
  A white imp (D:3)
  An ufetubus (D:6)
  2 worms (D:2)
  A dart slug (D:2)
  12 orcs
  16 endoplasms
  5 giant cockroaches
  10 goblins
  7 hobgoblins
  6 jackals
  4 quokkas
  2 ball pythons (D:1)
  7 bats
  4 frilled lizards
  12 kobolds
  4 rats
181 creatures vanquished.

Vanquished Creatures (others)
  947 foxfires
  2 fungi (D:7)
  11 toadstools (D:7)
960 creatures vanquished.

Grand Total: 1141 creatures vanquished

Notes
Turn   | Place    | Note
-------+----------+-------------------------------------------
     0 | D:1      | jimonade the Gnoll Wanderer began the quest for the Orb.
     0 | D:1      | jimonade set off with the following items: a +0 dagger, a
                  | +0 robe, a potion of attraction; and the following spells
                  | available to memorise: Foxfire, Beastly Appendage, Conjure
                  | Flame, Ignite Poison, Iskenderun's Mystic Blast
     0 | D:1      | Reached XP level 1. HP: 20/20 MP: 6/6
     2 | D:1      | Learned a level 1 spell: Foxfire
   340 | D:1      | You fall into a shaft and drop 1 floor!
   340 | D:2      | Noticed Sigmund
   374 | D:1      | Reached XP level 2. HP: 24/26 MP: 4/7
   502 | D:1      | Found a faded altar of an unknown god.
  1468 | D:2      | Reached XP level 3. HP: 31/31 MP: 7/9
  1474 | D:2      | Reached skill level 5 in Spellcasting
  1969 | D:2      | Killed Sigmund
  1970 | D:2      | Reached skill level 1 in Short Blades
  1970 | D:2      | Reached skill level 1 in Long Blades
  1970 | D:2      | Reached skill level 1 in Axes
  1970 | D:2      | Reached skill level 1 in Maces & Flails
  1970 | D:2      | Reached skill level 1 in Polearms
  1970 | D:2      | Reached skill level 1 in Staves
  1970 | D:2      | Reached skill level 1 in Slings
  1970 | D:2      | Reached skill level 1 in Bows
  1970 | D:2      | Reached skill level 1 in Crossbows
  1970 | D:2      | Reached skill level 1 in Throwing
  1970 | D:2      | Reached skill level 1 in Shields
  1970 | D:2      | Reached skill level 1 in Unarmed Combat
  1970 | D:2      | Reached skill level 1 in Hexes
  1970 | D:2      | Reached skill level 1 in Summonings
  1970 | D:2      | Reached skill level 1 in Necromancy
  1970 | D:2      | Reached skill level 1 in Translocations
  1970 | D:2      | Reached skill level 1 in Transmutations
  1970 | D:2      | Reached skill level 1 in Fire Magic
  1970 | D:2      | Reached skill level 1 in Ice Magic
  1970 | D:2      | Reached skill level 1 in Air Magic
  1970 | D:2      | Reached skill level 1 in Earth Magic
  1970 | D:2      | Reached skill level 1 in Poison Magic
  1970 | D:2      | Reached skill level 1 in Invocations
  1970 | D:2      | Reached skill level 1 in Evocations
  1970 | D:2      | Reached XP level 4. HP: 33/38 MP: 1/11
  1970 | D:2      | Reached XP level 5. HP: 37/43 MP: 1/12
  2057 | D:1      | Learned a level 1 spell: Beastly Appendage
  2209 | D:2      | Found a runed translucent door.
  2210 | D:2      | Noticed Crazy Yiuf
  2572 | D:2      | Found Meavveyd's Antique Weapon Shop.
  3181 | D:3      | Reached XP level 6. HP: 50/50 MP: 9/13
  4098 | D:3      | Reached skill level 5 in Fighting
  4461 | D:4      | Noticed a sky beast
  4570 | D:4      | Noticed a steam dragon
  4908 | D:4      | Noticed Eustachio
  5133 | D:3      | Reached XP level 7. HP: 49/56 MP: 8/15
  5635 | D:3      | HP: 2/56 [steam dragon (3)]
  6064 | D:4      | Found a runed translucent gate.
  6064 | D:4      | Found a runed translucent gate.
  6064 | D:4      | Found a runed translucent gate.
  6067 | D:4      | Noticed pkoi's ghost (amateur OpAE)
  6068 | D:4      | Noticed WaxSun's ghost (amateur HuWn)
  6068 | D:4      | Noticed pkoi's ghost (novice TrTm)
  6068 | D:4      | Noticed SuperSeabass's ghost (amateur DrIE)
  6208 | D:5      | Entered Level 5 of the Dungeon
  7086 | D:5      | Reached XP level 8. HP: 63/63 MP: 10/16
  7270 | D:5      | Noticed Blork the orc
  7276 | D:5      | Killed Blork the orc
  7798 | D:5      | Noticed Prince Ribbit
  7808 | D:5      | Killed Prince Ribbit
  8295 | D:6      | Learned a level 2 spell: Blink
  8299 | D:6      | Learned a level 3 spell: Dazzling Flash
  8712 | D:6      | Reached XP level 9. HP: 66/69 MP: 13/18
 10134 | D:7      | Reached skill level 5 in Armour
 10134 | D:7      | Reached skill level 5 in Dodging
 10533 | D:7      | Reached skill level 5 in Stealth
 11309 | D:6      | Identified 3 scrolls of acquirement
 11309 | D:6      | Acquired the +3 buckler of the Harvest {rN+++ Will- Regen+
                  | rCorr}
 11323 | D:6      | Acquired 1238 gold pieces
 11325 | D:6      | Acquired the +3 Elemental Staff {rElec rF++ rC++ AC+5}
 11325 | D:6      | Found the +3 Elemental Staff {rElec rF++ rC++ AC+5}
 11329 | D:6      | Learned a level 1 spell: Freeze
 11333 | D:6      | Learned a level 3 spell: Frozen Ramparts
 11534 | D:7      | Reached skill level 5 in Invocations
 12715 | D:7      | Reached XP level 10. HP: 56/77 MP: 3/20
 13093 | D:6      | Reached skill level 5 in Short Blades
 13093 | D:6      | Reached skill level 5 in Long Blades
 13093 | D:6      | Reached skill level 5 in Axes
 13093 | D:6      | Reached skill level 5 in Maces & Flails
 13093 | D:6      | Reached skill level 5 in Polearms
 13093 | D:6      | Reached skill level 5 in Staves
 13093 | D:6      | Reached skill level 5 in Slings
 13093 | D:6      | Reached skill level 5 in Bows
 13093 | D:6      | Reached skill level 5 in Crossbows
 13093 | D:6      | Reached skill level 5 in Throwing
 13093 | D:6      | Reached skill level 5 in Shields
 13093 | D:6      | Reached skill level 5 in Unarmed Combat
 13093 | D:6      | Reached skill level 5 in Evocations
 14142 | D:8      | Noticed Joseph
 14179 | D:8      | Killed Joseph
 14230 | D:8      | Noticed Grum
 14406 | D:8      | Killed Grum
 14470 | D:8      | Slain by a yak

Illustrated notes

Levels and vault maps discovered:
D:1:      ebering_trefoil_twist, layout_basic,
          hellmonk_ecumenical_altar_heavens_door
D:2:      layout_basic, serial_shops, nicolae_shop_crystal,
          minmay_split_cup_large, uniq_crazy_yiuf_cottage, uniq_sigmund
D:3:      layout_loops_cross
D:4:      layout_basic, temple_green, gammafunk_ghost_cemetery, uniq_eustachio
D:5:      layout_cave_pods, portal_sewer_entry_d, uniq_blork_the_orc,
          uniq_prince_ribbit1
D:6:      layout_basic, minmay_misc_feat_room, hangedman_decor_diamond_cutter,
          dk_noncrumbling_3
D:7:      cheibrodos_fertilizer, layout_basic
D:8:      layout_basic, ebering_dispersal_statue_hall, uniq_joseph, uniq_grum,
          uniq_erica

Skill      XL: |  1  2  3  4  5  6  7  8  9 10 |
---------------+-------------------------------+-----
Spellcasting   | 5 6 7 |  7.4
Short Blades   | 1 2 3 4 5 |  5.3
Long Blades    | 1 2 3 4 5 |  5.7
Axes           | 1 2 3 4 5 |  5.3
Maces & Flails | 1 2 3 4 5 |  5.3
Polearms       | 1 2 3 4 5 |  5.3
Staves         | 1 2 3 4 5 |  5.3
Slings         | 1 2 3 4 5 |  5.3
Bows           | 1 2 3 4 5 |  5.3
Crossbows      | 1 2 3 4 5 |  5.3
Throwing       | 1 2 3 4 5 |  5.3
Armour         | 3 4 5 6 |  6.0
Dodging        | 3 4 5 6 |  6.0
Shields        | 1 2 3 4 5 |  5.3
Unarmed Combat | 1 2 3 4 5 |  5.3
Hexes          | 1 2 3 4 |  4.4
Summonings     | 1 2 3 4 |  4.4
Necromancy     | 1 2 3 4 |  4.4
Translocations | 1 2 3 4 |  4.4
Transmutations | 1 2 3 4 |  4.4
Fire Magic     | 1 2 3 4 |  4.4
Ice Magic      | 1 2 3 4 |  4.4
Air Magic      | 1 2 3 4 |  4.4
Earth Magic    | 1 2 3 4 |  4.4
Poison Magic   | 1 2 3 4 |  4.4
Invocations    | 1 2 3 4 5 |  5.9
Evocations     | 1 2 3 4 5 |  5.3
Stealth        | 3 4 5 |  5.9
Fighting       | 5 6 7 |  7.1
Conjurations   | 6 7 |  7.1

Action                   |  1- 3 |  4- 6 |  7- 9 | 10-12 || total
-------------------------+-------+-------+-------+-------++-------
Melee: Dagger            |    26 |     8 |    77 |   172 ||   283
       Bite              |     2 |       |    10 |    27 ||    39
       Kick              |       |       |       |     4 ||     4
       Unarmed           |       |       |       |     3 ||     3
       Headbutt          |       |       |       |     1 ||     1
Throw: Dart              |     1 |       |       |       ||     1
 Cast: Foxfire           |    59 |   130 |   314 |    58 ||   561
       Dazzling Flash    |       |       |    23 |    32 ||    55
       Blink             |       |       |     1 |     1 ||     2
       Frozen Ramparts   |       |       |       |     5 ||     5
       Beastly Appendage |       |       |       |     1 ||     1
  Use: Scroll            |       |     3 |     8 |       ||    11
 Stab: Sleeping          |     2 |       |       |       ||     2
       Invisible         |       |       |     8 |    22 ||    30
Armor: Robe              |     5 |    13 |    44 |    40 ||   102
Dodge: Dodged            |    34 |    30 |    97 |   135 ||   296
Block: Buckler           |       |       |    45 |    73 ||   118
